 Dungeon Crawl Stone Soup version 0.24.1-14-gf8d2b509d9 (webtiles) character file.

Game seed: 17366796476165585294, levelgen mode: deterministic

112869 nightchill the Earth Mage (level 16, -3/104 HPs)
             Began as a Gargoyle Earth Elementalist on May 20, 2020.
             Was a High Priest of Vehumet.
             Slain by a shambling mangrove (5 damage)
             ... on level 2 of the Swamp on May 21, 2020.
             The game lasted 03:14:23 (43040 turns).

nightchill the Earth Mage (GrEE)                   Turns: 43040, Time: 03:14:24

Health: -3/104     AC: 24    Str: 12    XL:     16   Next: 61%
Magic:  27/31      EV:  8    Int: 23    God:    Vehumet [*****.]
Gold:   1778       SH:  6    Dex: 10    Spells: 13/38 levels left

rFire    x . .     SeeInvis +   N - -3 morningstar (protect) (curse)
rCold    + . .     Gourm    .   V - +0 buckler
rNeg     + . .     Faith    .   y - +1 ring mail {MR+}
rPois    ∞         Spirit   .   U - +1 hat
rElec    +         Reflect  .   q - +0 cloak
rCorr    .         Harm     .   D - +0 pair of gloves
MR       ++...                  t - +1 pair of boots
Stlth    +.........             H - amulet "Nestun" {RegenMP +Fly SInv}
HPRegen  0.27/turn              G - ring of ice
MPRegen  0.47/turn              (no ring)

@: about to teleport, grasped by roots, flying, constricted
A: big wings, negative energy resistance 1, electricity resistance, unbreathing,
petrification resistance, rot immunity, AC +12
a: Stop Flying, Renounce Religion


You were on level 2 of the Swamp.
You worshipped Vehumet.
Vehumet was extremely pleased with you.
You were hungry.

You visited 5 branches of the dungeon, and saw 26 of its levels.
You also visited: Sewer.

You collected 2066 gold pieces.
You spent 288 gold pieces at shops.

Inventory:

Hand Weapons
 a - a +0 morningstar of venom
 s - a +1 fustibalus
 w - a +0 flail of holy wrath
 N - a cursed -3 morningstar of protection (weapon)
Missiles
 c - 2 curare-tipped darts
 h - 261 stones (quivered)
 J - 68 poisoned darts
 Q - 4 throwing nets
Armour
 k - a +0 chain mail of fire resistance
 q - a +0 cloak (worn)
 t - a +1 pair of boots (worn)
 y - a +1 ring mail of magic resistance (worn)
 D - a +0 pair of gloves (worn)
 U - a +1 hat (worn)
 V - a +0 buckler (worn)
Magical Staves
 b - an uncursed staff of wizardry
Jewellery
 p - a +6 amulet of reflection
 G - a ring of ice (left hand)
 H - the amulet "Nestun" (around neck) {RegenMP +Fly SInv}
   (You found it on level 4 of the Dungeon)

   [amulet of magic regeneration]

   It increases your magic regeneration.
   It lets you see invisible.
   It lets you fly.
Wands
 l - a wand of disintegration (13)
 x - a wand of clouds (12)
 B - a wand of iceblast (32)
 P - a wand of paralysis (27)
 R - a wand of enslavement (15)
 W - a wand of digging (8)
 X - a wand of polymorph (10)
 Z - a wand of flame (16)
Scrolls
 f - 4 scrolls of fog
 j - 6 scrolls of remove curse
 m - 4 scrolls of identify
 n - 9 scrolls of teleportation
 r - 6 scrolls of fear
 F - 2 scrolls of enchant armour
 I - 3 scrolls of enchant weapon
 L - a scroll of blinking
Potions
 e - 3 potions of brilliance
 i - 13 potions of curing
 o - 4 potions of haste
 u - a potion of resistance
 z - 3 potions of lignification
 C - a potion of invisibility
 K - 5 potions of heal wounds
 M - a potion of cancellation
 O - 4 potions of agility
 Y - 3 potions of might
Miscellaneous
 g - a lightning rod (4/4)
 v - a fan of gales
 A - a fan of gales
 E - a phial of floods
 S - a lamp of fire (inert)
Comestibles
 d - 26 rations


   Skills:
 + Level 13.2 Fighting
 * Level 14.3 Maces & Flails
 - Level 5.0 Armour
 + Level 3.1 Dodging
 - Level 2.1 Stealth
 * Level 10.7 Shields
 + Level 11.7 Spellcasting
 - Level 8.0 Conjurations
 - Level 3.0 Translocations
 - Level 0.7 Transmutations
 - Level 15.0 Earth Magic


You had 13 spell levels left.
You knew the following spells:

 Your Spells              Type           Power        Failure   Level  Hunger
a - Sandblast             Erth           ######       0%          1    None
b - Stone Arrow           Conj/Erth      ######       1%          3    None
c - Lee's Rapid Deconstr  Erth           ######....   1%          5    ####...
d - Petrify               Tmut/Erth      #####...     4%          4    None
e - Passwall              Tmut/Erth      #####...     1%          2    None
f - Blink                 Tloc           N/A          4%          2    None
g - Mephitic Cloud        Conj/Pois/Air  ####....     2%          3    None
h - Apportation           Tloc           ####..       3%          1    None
i - Fulminant Prism       Conj/Hex       ####......   5%          4    None

Your spell library contained the following spells:

 Spells                   Type           Power        Failure   Level  Hunger
 Poison Arrow             Conj/Pois      ####......   56%         6    #####..
 Magic Dart               Conj           ####         1%          1    None
 Searing Ray              Conj           ######       1%          2    None
 Conjure Flame            Conj/Fire      ####....     1%          3    None
 Dazzling Spray           Conj/Hex       ####..       1%          3    None
 Iskenderun's Mystic Bla  Conj           ######..     1%          4    None
 Force Lance              Conj/Tloc      #####...     3%          4    None
 Gell's Gravitas          Tloc           ####......   9%          3    None
 Animate Skeleton         Necr           N/A          10%         1    None
 Confusing Touch          Hex            ##....       10%         1    None
 Pain                     Necr           ##..         10%         1    None
 Summon Small Mammal      Summ           ##..         10%         1    None
 Call Imp                 Summ           ##......     16%         2    None
 Slow                     Hex            ##......     16%         2    None
 Call Canine Familiar     Summ           ##......     30%         3    None
 Confuse                  Hex            ##......     30%         3    None
 Regeneration             Chrm/Necr      ##........   30%         3    None
 Summon Guardian Golem    Hex/Summ       ##......     30%         3    None
 Vampiric Draining        Necr           ##........   30%         3    None
 Yara's Violent Unravell  Hex/Tmut       ###.......   50%         5    ####...
 Animate Dead             Necr           N/A          69%         4    None
 Summon Ice Beast         Ice/Summ       ###.....     69%         4    None
 Summon Lightning Spire   Summ/Air       ##......     69%         4    None
 Metabolic Englaciation   Hex/Ice        ###.......   95%         5    ####...


Dungeon Overview and Level Annotations

Branches:
Dungeon (15/15)            Temple (1/1) D:6            Lair (6/6) D:10
  Swamp (2/4) Lair:2       Spider (0/4) Lair:3        Slime (0/5) Lair:5
    Orc (2/2) D:9             Elf (0/3) Orc:2        Vaults (0/5) D:13
 Depths (0/5) D:15          Sewer (visited)

Altars:
Ashenzari
Cheibriados
Dithmenos
Elyvilon
Fedhas
Gozag
Hepliaklqana
Kikubaaqudgha
Makhleb
Nemelex Xobeh
Okawaru
Ru
Sif Muna
Trog
Uskayaw
Vehumet
Wu Jian
Xom
Yredelemnul
Zin
The Shining One

Shops:
D:7 *   D:8 %   D:10 *   D:11 [   D:15 [   Orc:1 (   Orc:2 *(((

Annotations:
D:4 exclusion: downstairs
D:12 exclusion: 2 downstairs
D:13 exclusion: downstairs
D:14 exclusion: 10 doors, Frances
Lair:2 exclusion: downstairs
Lair:3 exclusion: 2 downstairs
Lair:4 exclusion: 2 downstairs
Lair:5 exclusions: 3 oklob plants and 1 more exclusion
Swamp:1 1 runed translucent door, exclusions: door and 2 downstairs, Foxy's ghost, adept GrFi
Orc:1 exclusion: downstairs


Innate Abilities, Weirdness & Mutations

You are resistant to torment.
Your stone body is resilient. (AC +12)
You are immune to poison.
Your large and strong wings let you fly indefinitely.
You resist negative energy. (rN+)
You are resistant to electric shocks. (rElec)
You can survive without breathing.
You are immune to petrification.
You are immune to rotting.


Message History

The stone arrow hits the shambling mangrove!!
The shambling mangrove is severely damaged.
Angry insects surge out from beneath the shambling mangrove's foliage!
The shambling mangrove hits you!
* * * LOW HITPOINT WARNING * * *
* * * LOW HITPOINT WARNING * * *
The grasping roots constrict you!
Casting: Stone Arrow (safe; 1% risk of failure)
Confirm with . or Enter, or press ? or * to list all spells.
You escape the roots' grasp.
You blink.
Roots burst forth from the earth!
The grasping roots grab you!
* * * LOW HITPOINT WARNING * * *
The grasping roots constrict you!
You escape the roots' grasp.
Your surroundings suddenly seem different.
As you read the scroll of teleportation, it crumbles to dust.
You feel strangely unstable.
Roots burst forth from the earth!
The grasping roots grab you!
You die...

♣♣^..♣♣ ♣<≈..♣≈≈.≈..≈.♣
♣.≈...♣♣♣...≈..§.....≈♣♣
♣♣♣........f.♣≈..≈.......♣
♣.≈..###...#........≈.§.♣♣
.......#).##..y.y!≈.≈.≈.≈♣
≈.....#......#.).≈...≈..♣♣
≈≈≈≈......#......≈≈.≈≈.♣♣
♣≈≈..≈≈................♣
).≈≈≈≈≈≈≈....##.@.≈≈♣≈♣♣
≈≈≈≈≈....♣..#...≈.≈.♣♣♣
.≈≈≈≈..≈....#.#....♣♣
≈.≈..≈≈(.....##.≈.♣♣
≈........##......≈♣
≈....##..##..#...♣♣
≈♣..#....##.....♣♣
♣.≈.###.........♣
.♣♣..........♣≈.♣♣


You could see a shambling mangrove and 2 hornets.

Vanquished Creatures
  Rupert (D:13)
  An orc warlord (Orc:2)
  A stone giant (Orc:1)
  Nessos (D:13)
  6 dire elephants
  Snorg (D:10)
  Josephine (D:14)
  A yaktaur captain (D:14)
  Erolcha (D:10)
  13 hydras
  7 alligators
  2 centaur warriors (D:14)
  An anaconda (Lair:6)
  An ogre mage (D:15)
  A tengu warrior (D:15)
  A death knight (D:13)
  7 two-headed ogres
  5 death yaks
  A skeletal warrior (D:14)
  2 unseen horrors (D:14)
  A wizard (D:15)
  A lindwurm (shapeshifter) (D:15)
  A swamp dragon (D:14)
  Pikel (D:6)
  4 orc knights
  3 deep elf magi
  16 ugly things
  An orc sorcerer (Orc:1)
  3 cyclopes
  An oklob plant (Lair:5)
  6 manticores
  A moth of wrath (shapeshifter) (D:14)
  2 black mambas
  2 centaur zombies
  13 elephants
  A naga mage (D:15)
  3 gargoyles
  14 spiny frogs
  8 centaur skeletons
  6 komodo dragons
  2 kobold demonologists
  A yaktaur (shapeshifter) (D:15)
  A rime drake (Lair:2)
  2 ice devils (Orc:2)
  7 trolls
  A tengu conjurer (D:15)
  A freezing wraith (D:15)
  A hornet (Swamp:1)
  3 meliai (D:14)
  12 slime creatures
  26 blink frogs
  2 tyrant leeches
  9 hippogriffs
  3 shadows
  2 water elementals (D:15)
  28 yaks
  7 wraiths
  2 wyverns
  16 humans (D:13)
  A human (shapeshifter) (D:14)
  6 hungry ghosts
  11 vampire mosquitoes
  8 basilisks
  8 swamp worms
  A warg (D:9)
  An acid dragon (D:14)
  A soldier ant (D:11)
  11 porcupines
  28 orc warriors
  7 water moccasins
  4 swamp drakes
  10 sky beasts
  2 black bears
  4 ice beasts
  4 slaves (D:6)
  3 phantoms
  A necrophage (D:8)
  16 ogres
  6 wolves (Lair:1)
  10 centaurs
  15 crocodiles
  23 bullfrogs
  5 big kobolds
  4 scorpions
  10 killer bees
  6 wights (D:6)
  9 howler monkeys
  6 electric eels
  7 crimson imps
  2 bullfrog zombies
  5 hounds
  A quasit (D:14)
  12 orc priests
  15 jellies
  Jessica (D:2)
  2 bullfrog skeletons
  2 iguanas
  20 orc wizards
  4 hell rats (Lair:5)
  8 worker ants
  2 killer bee zombies (D:5)
  A hound zombie (D:6)
  5 worker ant zombies
  14 gnolls
  2 river rats (Sewer)
  13 adders
  6 shadow imps
  7 oozes
  An adder skeleton (D:5)
  A worm (D:2)
  2 dart slugs (D:1)
  5 leopard geckos
  85 orcs
  9 giant cockroaches
  5 goblins
  4 hobgoblins (D:1)
  6 jackals
  22 kobolds
  6 quokkas
  7 ball pythons
  8 bats
  8 frilled lizards
  A leopard gecko skeleton (D:8)
  A quokka skeleton (D:8)
  9 rats
  5 plants
804 creatures vanquished.

Vanquished Creatures (others)
  A centaur warrior (D:14)
  6 orc warriors (Orc:2)
  A centaur (Orc:2)
  6 orcs
  27 fungi
  21 plants
62 creatures vanquished.

Grand Total: 866 creatures vanquished

Notes
Turn   | Place    | Note
-------+----------+-------------------------------------------
     0 | D:1      | nightchill the Gargoyle Earth Elementalist began the quest
                  | for the Orb.
     0 | D:1      | Reached XP level 1. HP: 10/10 MP: 3/3
   354 | D:1      | Reached XP level 2. HP: 16/16 MP: 5/5
   382 | D:1      | Reached skill level 4 in Earth Magic
   681 | D:1      | Reached skill level 1 in Fighting
  1079 | D:1      | Reached XP level 3. HP: 18/20 MP: 6/6
  1850 | D:2      | Found a faded altar of an unknown god.
  1880 | D:2      | Found a basalt altar of Yredelemnul.
  1952 | D:2      | Reached XP level 4. HP: 15/25 MP: 5/7
  2214 | D:2      | Reached skill level 5 in Earth Magic
  2337 | D:2      | Noticed Jessica
  2360 | D:2      | Killed Jessica
  2360 | D:2      | Reached XP level 5. HP: 30/30 MP: 7/9
  3887 | D:3      | Learned a level 3 spell: Stone Arrow
  4454 | D:4      | Reached skill level 6 in Earth Magic
  4512 | D:4      | Reached XP level 6. HP: 34/36 MP: 10/10
  4626 | D:4      | Got a warped tin amulet
  4631 | D:4      | Identified the amulet "Nestun" {RegenMP +Fly SInv} (You
                  | found it on level 4 of the Dungeon)
  4758 | D:4      | Noticed a sky beast
  4767 | D:4      | Killed a sky beast
  4903 | D:4      | Reached skill level 7 in Earth Magic
  4903 | D:4      | Reached XP level 7. HP: 32/41 MP: 4/12
  4981 | D:4      | Found a burning altar of Makhleb.
  5847 | D:5      | Entered Level 5 of the Dungeon
  6021 | D:5      | Reached skill level 8 in Earth Magic
  6038 | D:5      | Reached XP level 8. HP: 45/48 MP: 4/14
  6186 | D:5      | Reached skill level 5 in Fighting
  6186 | D:5      | Reached skill level 9 in Earth Magic
  6489 | D:5      | Found a glowing drain.
  6527 | Sewer    | Entered a sewer
  6629 | Sewer    | Reached skill level 5 in Spellcasting
  7564 | D:5      | Reached skill level 10 in Earth Magic
  7571 | D:5      | Learned a level 5 spell: Lee's Rapid Deconstruction
  7612 | D:5      | Reached XP level 9. HP: 44/55 MP: 17/17
  8442 | D:6      | Reached skill level 1 in Armour
  9161 | D:6      | Noticed Pikel
  9573 | D:6      | Learned a level 4 spell: Petrify
  9576 | D:6      | Learned a level 2 spell: Passwall
  9651 | D:6      | Found a staircase to the Ecumenical Temple.
  9671 | Temple   | Entered the Ecumenical Temple
  9788 | Temple   | Became a worshipper of Vehumet
 10390 | D:6      | Found a staircase to the Ecumenical Temple.
 10562 | D:6      | Killed Pikel
 10562 | D:6      | Reached skill level 11 in Earth Magic
 10562 | D:6      | Reached XP level 10. HP: 63/63 MP: 8/20
 10810 | D:7      | Reached skill level 1 in Maces & Flails
 11136 | D:7      | Found Nulaafoph's General Store.
 11324 | D:8      | Found Kiomahea's Food Emporium.
 11324 | D:8      | Noticed a two-headed ogre
 11339 | D:8      | Killed a two-headed ogre
 11339 | D:8      | Reached skill level 5 in Armour
 11768 | D:8      | Reached * piety under Vehumet
 11768 | D:8      | Offered knowledge of Flame Tongue by Vehumet.
 11808 | D:8      | Found a shattered altar of Ashenzari.
 12403 | D:8      | Noticed a +0 hand axe
 12403 | D:8      | Noticed a +0 hand axe
 12527 | D:8      | Found a hide-covered altar of Uskayaw.
 12652 | D:8      | Found a shimmering blue altar of Sif Muna.
 13169 | D:9      | Reached skill level 1 in Shields
 13175 | D:9      | Found a staircase to the Orcish Mines.
 13543 | D:9      | Found a blossoming altar of Fedhas.
 13766 | D:10     | Entered Level 10 of the Dungeon
 13899 | D:10     | Found Axzetosy's Assorted Antiques.
 14185 | D:10     | Reached XP level 11. HP: 60/69 MP: 19/22
 14195 | D:10     | Reached skill level 5 in Maces & Flails
 14255 | D:10     | Found a staircase to the Lair.
 14258 | D:10     | Noticed Snorg
 14272 | D:10     | Noticed Erolcha
 14282 | D:10     | Offered knowledge of Sting by Vehumet.
 14286 | D:10     | Killed Erolcha
 14286 | D:10     | Reached ** piety under Vehumet
 14288 | D:10     | Killed Snorg
 14288 | D:10     | Reached skill level 12 in Earth Magic
 14940 | D:10     | Bought a purple potion for 16 gold pieces
 14967 | Lair:1   | Entered Level 1 of the Lair of Beasts
 15082 | D:11     | Learned a level 2 spell: Blink
 15087 | D:11     | Found Nusk's Antique Armour Shop.
 15119 | D:11     | Noticed a manticore
 15126 | D:11     | Killed a manticore
 15279 | D:11     | Noticed a cyclops
 15291 | D:11     | Killed a cyclops
 15405 | D:11     | Noticed a two-headed ogre
 15422 | D:11     | Reached skill level 1 in Translocations
 15526 | D:11     | Offered knowledge of Throw Flame by Vehumet.
 15533 | D:11     | Noticed a two-headed ogre
 15542 | D:11     | Killed a two-headed ogre
 15577 | D:11     | Noticed a green ugly thing
 15588 | D:10     | Killed a green ugly thing
 15938 | D:11     | Noticed a cyan ugly thing
 15961 | D:11     | Killed a cyan ugly thing
 15961 | D:11     | Reached skill level 1 in Conjurations
 16059 | D:11     | Killed a two-headed ogre
 16059 | D:11     | Reached XP level 12. HP: 59/76 MP: 22/24
 16237 | D:11     | Found a shimmering blue altar of Sif Muna.
 16445 | Lair:1   | Reached *** piety under Vehumet
 16596 | Lair:1   | Learned a level 3 spell: Mephitic Cloud
 16846 | Lair:1   | Offered knowledge of Force Lance by Vehumet.
 17280 | Lair:2   | Noticed a seven-headed hydra
 17285 | Lair:2   | Killed a seven-headed hydra
 17285 | Lair:2   | Reached skill level 10 in Fighting
 17928 | Lair:2   | Noticed a seven-headed hydra
 17934 | Lair:2   | Killed a seven-headed hydra
 18129 | Lair:2   | Found a staircase to the Swamp.
 19296 | Lair:3   | Noticed a death yak
 19298 | Lair:3   | Noticed a death yak
 19298 | Lair:3   | Noticed a death yak
 19298 | Lair:3   | Noticed a death yak
 19359 | Lair:3   | Reached XP level 13. HP: 83/83 MP: 14/26
 19487 | Lair:3   | Reached **** piety under Vehumet
 19807 | Lair:3   | Found a hole to the Spider Nest.
 19831 | Lair:3   | Reached skill level 5 in Conjurations
 19914 | Lair:3   | Identified the +8 battleaxe "Lenton" {chop, Int+2 Stlth+}
                  | (You found it on level 3 of the Lair of Beasts)
 19977 | Lair:2   | Reached skill level 5 in Shields
 20037 | Lair:3   | Offered knowledge of Fireball by Vehumet.
 20044 | Lair:3   | Reached skill level 10 in Maces & Flails
 20656 | Lair:3   | Reached skill level 13 in Earth Magic
 21038 | Lair:4   | HP: 2/84 [komodo dragon (24)]
 23171 | Lair:5   | Found a staircase to the Slime Pits.
 23334 | Lair:5   | Reached ***** piety under Vehumet
 23470 | Lair:5   | Offered knowledge of Conjure Ball Lightning by Vehumet.
 23470 | Lair:5   | Gained mutation: Your large and strong wings let you fly
                  | indefinitely. [Gargoyle growth]
 23470 | Lair:5   | Reached XP level 14. HP: 90/90 MP: 25/27
 23838 | Lair:5   | Reached skill level 10 in Spellcasting
 24437 | Lair:5   | Learned a level 1 spell: Apportation
 24533 | Lair:6   | Entered Level 6 of the Lair of Beasts
 24754 | Lair:6   | Got a slimy ring mail
 24785 | Lair:5   | Identified the +1 ring mail of Rilod {+Fly Str+2 Dex+4
                  | Stlth+} (You found it on level 6 of the Lair of Beasts)
 25841 | Lair:6   | Noticed a dire elephant
 25850 | Lair:6   | Killed a dire elephant
 25963 | Lair:6   | Noticed a dire elephant
 25974 | Lair:6   | Killed a dire elephant
 26235 | Lair:6   | Noticed a dire elephant
 26235 | Lair:6   | Noticed a dire elephant
 26287 | Lair:6   | Noticed a dire elephant
 26299 | Lair:6   | Killed a dire elephant
 26426 | Lair:5   | Killed a dire elephant
 26578 | Lair:6   | Noticed a dire elephant
 26589 | Lair:6   | Killed a dire elephant
 26703 | Lair:6   | Killed a dire elephant
 28491 | D:12     | Found a burning altar of Makhleb.
 28606 | D:13     | Found a gate to the Vaults.
 28606 | D:13     | Noticed Rupert
 28606 | D:13     | Noticed Nessos
 28855 | D:13     | Reached skill level 14 in Earth Magic
 29233 | D:13     | Killed Rupert
 29340 | D:13     | Killed Nessos
 29945 | D:13     | Reached XP level 15. HP: 96/96 MP: 29/29
 30065 | D:13     | You are sucked into a shaft and drop 2 floors!
 30065 | D:15     | Entered Level 15 of the Dungeon
 31184 | D:14     | Noticed Josephine
 31193 | D:14     | Killed Josephine
 32545 | D:14     | Offered knowledge of Ozocubu's Refrigeration by Vehumet.
 33378 | D:14     | Identified the cursed +2 halberd of Death's Door {protect,
                  | rPois rC+ rN++ Str-4 Int-3}
 33378 | D:14     | Noticed Frances
 35188 | D:15     | Reached skill level 15 in Earth Magic
 35189 | D:15     | Reached XP level 16. HP: 103/103 MP: 29/31
 35190 | D:15     | Found a staircase to the Depths.
 35304 | D:15     | Found Qoet's Antique Armour Shoppe.
 35538 | Orc:1    | Entered Level 1 of the Orcish Mines
 36469 | Orc:1    | Found Okenor's Antique Weapon Emporium.
 36545 | Orc:2    | Entered Level 2 of the Orcish Mines
 37053 | Orc:2    | Found a staircase to the Elven Halls.
 37508 | Orc:2    | Found Ojoan's Antique Weapon Boutique.
 37508 | Orc:2    | Found Kiazing's Antique Weapon Emporium.
 37510 | Orc:2    | Found Hipno's Antique Weapon Shoppe.
 37512 | Orc:2    | Found Toilu's General Store.
 37553 | Orc:2    | Reached ****** piety under Vehumet
 37943 | Orc:2    | Offered knowledge of Poison Arrow by Vehumet.
 38386 | Orc:2    | Reached skill level 10 in Shields
 38992 | Orc:2    | Bought a warped shortbow for 272 gold pieces
 38992 | Orc:2    | Identified the cursed +1 shortbow of Usaent {velocity,
                  | Str+9} (You bought it in a shop on level 2 of the Orcish
                  | Mines)
 39114 | Swamp:1  | Entered Level 1 of the Swamp
 40589 | Swamp:1  | Learned a level 4 spell: Fulminant Prism
 40682 | Swamp:1  | Noticed Foxy's ghost (adept GrFi)
 40683 | Swamp:1  | Found the +7 lajatang of Order {silver, rMut}
 40683 | Swamp:1  | Found a runed translucent door.
 43037 | Swamp:2  | HP: 1/104 [shambling mangrove (9)]
 43040 | Swamp:2  | Slain by a shambling mangrove

Levels and vault maps discovered:
D:1:      psy_arrival_dodecagon, layout_loops_ring
D:2:      layout_loops_ring, marbit_many_paths,
          chequers_ecumenical_altar_island, first_ration, uniq_jessica
D:3:      layout_loops_ring, minmay_fractal_squares_diagonal_5
D:4:      layout_basic, lightli_temple_of_fire
D:5:      layout_basic, gup_sewer_entry_glass
D:6:      layout_basic, minmay_temple_entry_gardened_gates,
          chequers_serial_rivers_micro_a, minmay_misc_feat_iff,
          minmay_misc_feat_diagonals, uniq_pikel
D:7:      layout_cave_pools, serial_shops, nicolae_shop_trees, grunt_ogre_cave
D:8:      layout_loops_ring, kennysheep_mini_moat, dancing_weapons_uskayaw,
          cheibrodos_ashenzari_chains, serial_shops, shop_fountains,
          nrook_mini_vaults
D:9:      layout_loops_cross, fedhas_altar_4, orc_0_dummy
D:10:     layout_loops_corners, due_lair_maze_entry_diamond, serial_shops,
          nicolae_shop_overgrown_old_shop, uniq_snorg, uniq_erolcha
D:11:     layout_basic, basic_altar, serial_shops,
          nicolae_shop_overgrown_old_shop
D:12:     layout_cave_pools, bloody_makhleb
D:13:     layout_stronghold, david_vaults_3
D:14:     minmay_the_grid_3x2 [minmay_the_grid_dragon_b,
          minmay_the_grid_all_tris, minmay_the_grid_doors,
          minmay_the_grid_minigrid_large, minmay_the_grid_fan,
          minmay_the_grid_prize_four_corners_diamond_a], layout_rooms,
          uniq_josephine, uniq_frances
D:15:     grunt_enter_depths_magical_seal, layout_basic, serial_shops, shop,
          minivault_11, nrook_loot_triangle
Temple:   eino_temple_scatter_basement
Lair:1:   layout_big_grid, dpeg_stationary_puzzle, infiniplex_staircase_pool
Lair:2:   layout_chaotic_city, swamp_mist, fungi_pond_lemuel, grunt_megastairs_3
Lair:3:   layout_layer_cave, spider_nest_entry_webs
Lair:4:   layout_small_grid, gauntlet_entry_generic
Lair:5:   layout_long_grid, minmay_slime_entry_jelly_boxes, grunt_megastairs_4,
          minmay_lair_oklob_chamber, infiniplex_staircase_pool_2,
          lemuel_fruit_fields
Lair:6:   due_jungle_book, layout_small_grid, kennysheep_basilisk_garden,
          serial_bayou_shore_a, serial_bayou_shore_b
Swamp:1:  layout_falls_marsh, gammafunk_ghost_grave,
          evilmike_swamp_ruin_house_5, swamp_pool1
Swamp:2:  layout_falls_marsh, evilmike_swamp_ruin_rubble_2
Orc:1:    layout_caves, serial_shops, shop
Orc:2:    st_orc_rangers, layout_caves, portal_ice_cave_demonic_guard,
          minmay_orc_barracks

Skill      XL: |  1  2  3  4  5  6  7  8  9 10 11 12 13 14 15 16 |
---------------+-------------------------------------------------+-----
Earth Magic    | 4 5 6 7 8 10 11 12 13 14 15 | 15.0
Fighting       | 1 2 3 4 5 7 8 9 10 11 12 13 | 13.2
Spellcasting   | 3 4 5 6 7 8 9 10 11 | 11.7
Armour         | 4 5 |  5.0
Maces & Flails | 4 7 9 11 12 13 14 | 14.3
Shields        | 1 4 6 7 9 10 | 10.7
Translocations | 2 3 |  3.0
Conjurations   | 1 4 6 8 |  8.0
Dodging        | 3 |  3.1
Stealth        | |  2.1
Transmutations | |  0.7

Action                   |  1- 3 |  4- 6 |  7- 9 | 10-12 | 13-15 | 16-18 || total
-------------------------+-------+-------+-------+-------+-------+-------++-------
Melee: Unarmed           |    22 |     1 |       |       |       |       ||    23
       Club              |   149 |   189 |       |       |       |       ||   338
       Rapier            |       |    30 |   283 |    85 |       |       ||   398
       Morningstar       |       |       |     7 |       |   924 |   243 ||  1174
       Flail             |       |       |    28 |    10 |    96 |    18 ||   152
       Whip              |       |       |       |   249 |    18 |       ||   267
       Dagger            |       |       |       |    10 |       |       ||    10
 Fire: Hunting sling     |       |     3 |       |       |       |       ||     3
       Fustibalus        |       |       |       |    20 |    47 |       ||    67
Throw: Stone             |    10 |       |     3 |    10 |     3 |       ||    26
       Dart              |       |       |       |       |     6 |     1 ||     7
 Cast: Sandblast         |     6 |    40 |    77 |   203 |   185 |    90 ||   601
       Stone Arrow       |       |       |    57 |    72 |   191 |   150 ||   470
       Lee's Rapid Decon |       |       |     6 |    21 |    76 |    30 ||   133
       Petrify           |       |       |       |     4 |    14 |    12 ||    30
       Passwall          |       |       |       |     6 |     2 |       ||     8
       Blink             |       |       |       |       |     3 |     1 ||     4
       Mephitic Cloud    |       |       |       |       |    13 |       ||    13
       Apportation       |       |       |       |       |    14 |       ||    14
 Abil: Fly               |       |       |       |       |     1 |       ||     1
Evoke: Phantom mirror    |       |       |       |       |     1 |       ||     1
       Wand              |       |       |       |       |       |     4 ||     4
       Lamp of fire      |       |       |       |       |       |     1 ||     1
  Use: Scroll            |       |     1 |    11 |    14 |    13 |     6 ||    45
       Potion            |       |       |       |       |     3 |       ||     3
 Stab: Sleeping          |     3 |     6 |       |     4 |     3 |       ||    16
       Petrified         |       |       |       |    10 |    23 |    16 ||    49
       Distracted        |       |       |       |     1 |     2 |       ||     3
       Confused          |       |       |       |       |     5 |       ||     5
       Petrifying        |       |       |       |       |     1 |       ||     1
  Eat: Chunk             |     4 |     9 |    18 |    28 |    42 |    18 ||   119
       Ration            |       |       |     2 |     2 |     7 |     3 ||    14
Armor: Robe              |    65 |    95 |   199 |    70 |       |       ||   429
       Ring mail         |       |       |       |    24 |   377 |   220 ||   621
       Troll leather arm |       |       |       |   159 |   303 |       ||   462
Dodge: Dodged            |   137 |   167 |   335 |   306 |   508 |   200 ||  1653
Block: Buckler           |       |       |       |    41 |   309 |   206 ||   556
       Reflection        |       |       |       |       |     5 |    57 ||    62
